Map: Darkness Sanctuary LE

Players

HeRoMaRinE - Winner!

  • Race: Terran Terran
  • League: Master
  • Spawn Location: 7:00

Zest

  • Race: Protoss Protoss
  • League: Master
  • Spawn Location: 1:00

Event: HomeStory Cup XVII

VOD

Have the link to the VOD?

Description

Time

  • Played on: June 30, 2018, 3:24 p.m.
  • Length: 15:52

All games in this series

Show
View Real Time Build Order
Export as new Build Order

HeRoMaRinE Terran - Winner!

Build Orders: Reaper Expand, MMM Bio 

Get SALT Encoding   

  12  0:00  SCV  
  13  0:13  SCV  
  14  0:17  Supply Depot  
  14  0:25  SCV  
  15  0:39  SCV  
  15  0:40  Barracks  
  16  0:45  Refinery  
  16  0:51  SCV  
  17  1:03  SCV  
  18  1:15  SCV  
  19  1:27  Orbital Command  
  19  1:28  Reaper  
  20  1:40  Command Center  
  20  1:50  Barracks  
  20  1:53  SCV  
  21  2:01  Barracks Reactor  
  21  2:06  SCV  
  22  2:10  Supply Depot  
  22  2:18  SCV  
  22  2:22  Factory  
  23  2:26  Refinery  
  23  2:32  SCV  
  24  2:38  Marine x2  
  24  2:39  Barracks Tech Lab  
  26  2:44  SCV  
  27  2:52  Orbital Command  
  27  2:56  SCV  
  28  2:59  Marine x3  
  31  3:08  SCV  
  31  3:11  Stimpack  
  32  3:19  Marine x3  
  35  3:20  SCV  
  35  3:21  SCV  
  36  3:29  Starport, Factory Reactor  
  36  3:32  SCV  
  36  3:33  SCV  
  38  3:37  Marine x3  
  41  3:45  Supply Depot, SCV x2  
  43  3:55  Engineering Bay  
  43  3:57  Marine x2, SCV  
  46  4:03  SCV  
  46  4:06  Marine  
  46  4:15  Barracks  
  46  4:17  SCV x2  
  46  4:20  Medivac x2  
  46  4:24  Supply Depot  
  51  4:26  Terran Infantry Weapons Level 1  
  51  4:31  SCV x2  
  51  4:35  Marine x2  
  51  4:36  Marine  
  53  4:41  Missile Turret  
  53  4:43  SCV  
  55  4:45  SCV  
  55  4:49  Refinery  
  55  4:50  Supply Depot  
  55  4:55  SCV  
  55  4:57  SCV  
  55  4:58  Missile Turret  
  57  5:00  Marine x2  
  57  5:02  Marine  
  60  5:07  SCV  
  60  5:09  Barracks Tech Lab, SCV  
  62  5:16  Combat Shields  
  62  5:19  SCV  
  62  5:21  Supply Depot, Marauder, Marine  
  65  5:22  Marine, SCV  
  68  5:33  Supply Depot  
  68  5:34  Marauder  
  70  5:43  Medivac x2, Marine x2, Marauder  
  70  5:45  Supply Depot, Concussive Shells  
  78  5:56  Marauder  
  80  6:00  Marine x2  
  82  6:05  Marauder  
  82  6:07  SCV x2  
  82  6:10  Supply Depot  
  86  6:17  Marauder  
  88  6:18  Marine  
  88  6:23  Command Center  
  89  6:26  Marauder  
  89  6:29  Factory Reactor  
  91  6:33  Barracks  
  91  6:36  Barracks  
  91  6:37  Marine  
  91  6:38  Marine, Marauder  
  95  6:42  Terran Infantry Armor Level 1  
  95  6:43  Supply Depot  
  95  6:47  Marauder  
  97  7:00  Marauder  
  91  7:03  Medivac x2  
  91  7:04  Marine x2  
  95  7:09  Marauder  
  95  7:13  SCV x2  
  88  7:21  Marauder  
  88  7:22  Marine x2  
  89  7:23  Refinery  
  89  7:27  Barracks Tech Lab  
  89  7:28  SCV x2  
  84  7:30  Marauder  
  80  7:37  Marine x2  
  80  7:38  Medivac  
  80  7:39  Medivac, Marine, Supply Depot  
  80  7:40  SCV x2  
  80  7:41  Orbital Command  
  80  7:43  Marauder, Marine  
  90  7:51  Marauder  
  90  7:52  SCV x2  
  90  7:53  Marauder  
  90  7:54  Armory  
  90  7:58  Missile Turret  
  96  8:03  Marine x3  
  96  8:04  Marine, Marauder, SCV x2  
  104  8:08  Engineering Bay  
  104  8:10  SCV  
  105  8:15  Marine x2  
  105  8:16  SCV x2  
  109  8:21  Marine x2  
  109  8:22  SCV  
  112  8:28  SCV x2  
  112  8:31  Marine x3  
  112  8:32  Supply Depot  
  112  8:33  Marine  
  112  8:34  Supply Depot, SCV  
  116  8:40  SCV x2  
  116  8:41  Marine x2  
  111  8:42  Marine, Terran Infantry Weapons Level 2  
  111  8:46  SCV  
  113  8:52  Command Center, SCV  
  113  8:53  Terran Infantry Armor Level 2  
  114  9:01  Missile Turret  
  114  9:04  Ghost Academy  
  114  9:06  Supply Depot  
  114  9:12  Medivac x2, Marine x3  
  114  9:13  Marine x4  
  114  9:14  SCV  
  114  9:15  SCV  
  114  9:16  SCV  
  128  9:20  Refinery x2  
  128  9:21  Missile Turret  
  128  9:25  Terran Ship Weapons Level 1  
  128  9:28  SCV x3  
  130  9:31  Starport, Marine x3  
  130  9:32  Marine  
  130  9:38  Ghost  
  130  9:39  Factory Reactor, Ghost x2  
  136  9:49  Marine x2  
  136  9:50  Marine x2  
  140  9:56  SCV x3  
  143  10:05  Missile Turret, Barracks  
  143  10:06  Planetary Fortress, Barracks  
  143  10:07  Marine x2, Barracks  
  143  10:08  SCV  
  143  10:10  SCV x2  
  148  10:14  Ghost x2  
  148  10:17  Ghost  
  148  10:20  SCV  
  155  10:26  Marine x2  
  155  10:27  Marine x2  
  158  10:30  Bunker  
  158  10:31  Supply Depot  
  158  10:32  Supply Depot  
  158  10:40  Supply Depot x2  
  158  10:44  Marauder x2, Marine x2  
  158  10:49  Supply Depot  
  163  10:53  Marauder  
  165  11:02  Sensor Tower, Supply Depot  
  165  11:03  Barracks Reactor, Barracks Tech Lab x2  
  165  11:05  Marauder x2  
  163  11:14  Marauder  
  152  11:25  Marine x3  
  138  11:26  Ghost, Marauder  
  138  11:31  Medivac x3  
  138  11:32  Medivac  
  144  11:33  Ghost  
  144  11:35  Ghost, Marine, Marauder  
  144  11:36  Refinery x2  
  144  11:37  Command Center  
  151  11:40  Marine  
  151  11:41  Marine  
  151  11:43  Marine x2  
  155  11:47  Terran Infantry Weapons Level 3, Ghost  
  155  11:49  Marine  
  155  11:53  Marine  
  154  11:54  Marine  
  136  12:04  Marine x3, Marauder x2  
  136  12:07  Marauder  
  136  12:08  Marine x2  
  114  12:11  Marine  
  114  12:12  Marine  
  97  12:16  Marauder  
  97  12:19  Orbital Command  
  97  12:22  Marine x3  
  88  12:26  Marine x2, Marauder x2  
  88  12:29  Marine, Marauder  
  86  12:30  Marine  
  86  12:37  Medivac x2, Marine  
  86  12:40  Marine x3  
  86  12:43  Medivac  
  86  12:44  Marine x2  
  97  12:47  Marine x2, Marauder  
  97  12:49  Marauder  
  97  12:50  Marauder  
  106  12:55  Marine  
  106  12:58  Marine x3  
  108  12:59  SCV  
  108  13:00  SCV x2  
  108  13:01  Marine x2  
  108  13:04  Marine  
  115  13:09  Marine  
  115  13:12  Marauder x2  
  115  13:13  Marine x2  
  115  13:15  Marine  
  115  13:16  Marine x2  
  113  13:27  Marine x3  
  113  13:28  Marauder  
  113  13:29  Medivac x2  
  113  13:31  Marauder x2  
  113  13:33  Marauder x2  
  117  13:38  Marine x2  
  113  13:41  Medivac x2  
  113  13:42  Marine  
  113  13:45  Marine x3  
  115  13:49  Marauder  
  115  13:51  SCV x2  
  115  13:52  Marine x2  
  115  13:55  Marauder x2  
  125  13:56  Marine x2  
  125  13:59  Marine  
  125  14:01  Liberator  
  128  14:03  Marine x3  
  128  14:05  Liberator  
  128  14:09  Orbital Command  
  131  14:10  Marine, Marauder  
  131  14:11  Marauder  
  131  14:14  Marine x2  
  131  14:16  Marine, Marauder  
  141  14:17  Marine  
  141  14:21  Marine x3  
  149  14:28  Marauder  
  151  14:31  Marine  
  151  14:32  Marauder, Marine x2  
  151  14:38  Marine  
  156  14:39  Marine  
  156  14:47  Supply Depot, Marine x3  
  156  14:48  Marauder  
  156  14:49  Marauder  
  156  14:50  Marine  
  164  15:05  Marine  
  164  15:08  Marine x3  
  164  15:09  Marauder x2  
  164  15:10  Marine  
  172  15:22  Supply Depot  
  172  15:29  Marine  
  172  15:32  Marine  
  172  15:33  Marine x2  
Show
View Real Time Build Order
Export as new Build Order

Zest Protoss 

Build Orders: 1 Gate Expand, Oracle Opening 

Get SALT Encoding   

  12  0:00  Probe  
  13  0:13  Probe  
  14  0:17  Pylon  
  14  0:23  Probe  
  15  0:31  Probe  
  15  0:36  Gateway  
  15  0:40  Probe  
  16  0:45  Assimilator  
  17  0:51  Probe  
  18  1:03  Probe  
  19  1:15  Probe  
  20  1:22  Nexus  
  20  1:32  Cybernetics Core  
  20  1:35  Probe  
  21  1:40  Assimilator  
  22  1:47  Probe  
  22  1:50  Pylon  
  22  1:59  Adept, Probe  
  25  2:12  Stargate  
  25  2:14  Probe  
  26  2:24  Warp Gate  
  26  2:25  Adept  
  26  2:26  Probe  
  29  2:34  Probe  
  29  2:38  Probe  
  30  2:46  Probe  
  30  2:50  Oracle, Probe  
  32  2:52  Adept  
  32  2:58  Probe  
  35  3:02  Probe  
  39  3:10  Probe  
  40  3:14  Probe  
  40  3:16  Pylon  
  40  3:17  Oracle  
  41  3:22  Probe  
  41  3:27  Probe  
  44  3:35  Gateway  
  44  3:36  Gateway  
  44  3:37  Probe  
  44  3:39  Probe  
  46  3:45  Probe  
  46  3:47  Pylon  
  46  3:51  Probe  
  46  3:54  Oracle, Probe  
  51  3:59  Pylon  
  52  4:03  Probe  
  53  4:10  Probe  
  53  4:15  Nexus  
  54  4:23  Nexus  
  54  4:25  Pylon  
  54  4:26  Probe x2  
  56  4:38  Probe  
  57  4:39  Adept x3  
  57  4:43  Twilight Council  
  63  4:46  Assimilator x2  
  63  4:47  Probe  
  63  4:48  Phoenix  
  63  4:50  Probe  
  67  5:00  Probe  
  67  5:01  Forge  
  67  5:02  Charge, Probe  
  67  5:07  Phoenix  
  71  5:17  Pylon  
  71  5:18  Probe x2  
  73  5:25  Phoenix  
  75  5:35  Protoss Ground Armor Level 1  
  75  5:36  Zealot x3  
  75  5:38  Probe x3  
  84  5:44  Gateway  
  84  5:46  Phoenix  
  84  5:47  Gateway  
  84  5:50  Gateway  
  86  6:02  Stalker  
  86  6:03  Stalker  
  86  6:04  Stalker  
  92  6:10  Phoenix  
  92  6:14  Probe x3  
  97  6:26  Gateway  
  97  6:27  Gateway  
  97  6:29  Pylon x2  
  97  6:31  Sentry, Zealot  
  101  6:38  Pylon  
  101  6:39  Pylon  
  101  6:47  Phoenix  
  101  6:48  Zealot x2  
  101  6:49  Zealot x2  
  91  7:01  Zealot x2  
  91  7:08  Protoss Ground Armor Level 2  
  91  7:10  Zealot x4  
  81  7:20  Phoenix  
  79  7:30  Probe x3  
  79  7:34  Zealot x6  
  90  7:40  Phoenix  
  90  7:42  Probe x2  
  92  7:45  Pylon  
  92  7:46  Protoss Air Weapons Level 1  
  92  7:48  Probe  
  95  7:53  Pylon  
  95  7:54  Templar Archives, Probe  
  95  7:58  Probe  
  97  8:00  Probe  
  97  8:02  Phoenix  
  97  8:03  Zealot  
  97  8:04  Zealot  
  102  8:07  Probe  
  105  8:20  Nexus  
  97  8:42  High Templar x2  
  97  8:44  Zealot x6  
  111  8:48  Phoenix  
  113  8:56  Robotics Facility  
  113  8:58  Protoss Ground Weapons Level 1  
  113  9:01  Archon  
  113  9:08  Phoenix  
  113  9:09  High Templar x2  
  117  9:10  Sentry, Zealot x3  
  117  9:13  Probe  
  117  9:14  Probe  
  117  9:15  Archon, Pylon  
  117  9:16  Pylon  
  117  9:17  Zealot x2  
  133  9:35  Phoenix  
  133  9:38  Observer  
  136  9:46  Probe  
  136  9:47  Probe x2  
  136  9:48  Probe  
  136  9:49  Pylon  
  136  9:52  Photon Cannon, Phoenix, Pylon  
  140  9:54  Shield Battery  
  140  10:04  Nexus  
  140  10:06  Pylon  
  143  10:14  Phoenix, Observer  
  143  10:21  Gateway x2  
  145  10:26  Zealot x4  
  145  10:27  Zealot x4  
  161  10:30  Protoss Ground Armor Level 3  
  161  10:33  Phoenix  
  162  10:36  Dark Shrine  
  162  10:39  Warp Prism  
  165  10:55  Zealot x8  
  175  11:16  Zealot x8  
  165  11:26  Blink, Phoenix  
  161  11:34  Probe x2  
  161  11:35  Probe x3  
  166  11:42  Zealot  
  166  11:43  Zealot x7  
  166  11:44  Zealot x2  
  160  12:04  Zealot x4  
  160  12:05  Zealot x4  
  128  12:16  Zealot x2  
  114  12:25  Zealot x8  
  114  12:38  Probe  
  114  12:39  Probe x4  
  119  12:48  Stalker x7  
  119  12:49  Stalker x3  
  119  12:51  Probe  
  132  13:13  Zealot x8  
  132  13:14  Zealot x2  
  122  13:34  Immortal  
  106  13:44  Sentry, Zealot x3  
  106  13:45  Zealot x6  
  118  13:54  Templar Archives  
  118  13:55  Gateway  
  118  13:56  Gateway  
  118  14:02  Probe x4, Warp Prism  
  122  14:04  Assimilator x2  
  122  14:07  Sentry x3  
  122  14:08  Sentry  
  130  14:14  High Templar x3  
  138  14:25  Zealot x3  
  144  14:37  Zealot x4  
  150  14:54  Stalker x6  
  162  15:03  Zealot  
  164  15:11  Zealot x3  
  170  15:15  Pylon  
  159  15:35  Zealot x3  
  159  15:37  Zealot x6  
Tags
 
Add a new tag
Caveats
  • Supply blocks, unpowered buildings, or Contaminate may cause inaccurate times.
  • Supply counts are checked every 10 seconds.